AoeStats
← yoselibero

Glade

510389831Analyzed
1v1 RM · 1d ago on Sep 30, 2026· 36m 53s· 2 players
Game mode
Random Map
Map size
Tiny (2 player)
Population
200
Speed
Normal
Resources
Standard
Victory
Conquest
Starting age
Dark Age
Ending age
Imperial Age
RankedLock teamsTeams togetherTeam positionsShared explorationLock speedFull tech treeHidden civsTurbo modeCheats
Victory
Defeat
🇨🇿 Britons · Czechia
1137
+16
🇭🇳 Lithuanians · Honduras
1137
-16
eduleza17
7:02 Loom
9:59 Feudal Age
10:49 Double-Bit Axe
18:14 Castle Age
18:08 Bloodlines
17:56 Horse Collar
19:37 Scale Barding Armor
19:46 Heavy Plow
20:00 Bow Saw
26:14 Chain Barding Armor
25:55 Padded Archer Armor
26:08 Town Watch
26:37 Forging
26:19 Fletching
26:40 Gold Mining
26:57 Husbandry
27:52 Elite Skirmisher
30:09 Thumb Ring
33:10 Wheelbarrow
36:17 Imperial Age
34:01 Murder Holes
34:17 Masonry
35:45 Hand Cart
35:53 Hand Cart
yoselibero
8:21 Loom
10:18 Feudal Age
12:08 Fletching
17:16 Castle Age
16:01 Scale Mail Armor
15:49 Horse Collar
16:17 Double-Bit Axe
21:19 Gold Mining
21:57 Pikeman
26:03 Crossbowman
27:53 Bodkin Arrow
28:17 Stone Mining
29:46 Wheelbarrow
29:56 Town Watch
32:53 Imperial Age
30:41 Bow Saw
31:19 Gold Shaft Mining
31:18 Elite Skirmisher
32:53 Heavy Plow
33:54 Bracer
34:39 Conscription
34:27 Town Patrol
34:45 Hand Cart
34:49 Padded Archer Armor
35:10 Town Patrol
35:44 Ballistics
Connection lost

Rejoining the realm…

Still unreachable

The connection could not be restored.

Session expired

The server has moved on; the page needs a fresh start.